 Dungeon Crawl Stone Soup version 0.25-a0-479-g8579842fd4 (webtiles) character file.

Game seed: 6864882987237638920, levelgen mode: deterministic

209946 BeastOfSaturn the Severer (level 18, -1/111 (112) HPs)
             Began as a Demonspawn Abyssal Knight on Feb 8, 2020.
             Was the Champion of Lugonu.
             Splashed by an acid blob's acid (5 damage)
             ... on level 3 of the Pits of Slime on Feb 9, 2020.
             The game lasted 03:33:29 (49779 turns).

BeastOfSaturn the Severer (DsAK)                   Turns: 49779, Time: 03:33:31

HP:   -1/111 (112)  AC:  2    Str: 21    XL:     18   Next: 17%
MP:   21/21         EV: 14    Int: 14    God:    Lugonu [******]
Gold: 1656          SH:  0    Dex: 17    Spells: 16/17 levels left

rFire    . . .     SeeInvis .   b - +7 demon trident (elec)
rCold    . . .     Gourm    .   m - +0 shield
rNeg     . . .     Faith    .   q - +0 acid dragon scales
rPois    .         Spirit   .   D - +0 hat "Nimecseq" {rElec Dex+3}
rElec    +         Reflect  .   h - +2 cloak
rCorr    +         Harm     .   (gloves unavailable)
MR       ++...     Rnd*Tele +   (no boots)
Stlth    +.........             j - amulet of regeneration
HPRegen  0.68/turn              s - ring of resist corrosion
MPRegen  0.17/turn              d - ring of protection from magic

@: confused, corroded, studying Stealth
A: claws 3, thin metallic scales 3, deformed body, demonic guardian 1, frail 2,
powered by pain 3, strong 1, teleportitis 1, no potion heal 1
}: 1/15 runes: gossamer
a: Depart the Abyss, Bend Space, Banish, Corrupt, Enter the Abyss, Brand Weapon
With Distortion, Renounce Religion


You were on level 3 of the Pits of Slime.
You worshipped Lugonu.
Lugonu was exalted by your worship.
You were not hungry.

You visited 5 branches of the dungeon, and saw 31 of its levels.
You visited the Abyss 1 time.
You also visited: Gauntlet.

You collected 2795 gold pieces.
You spent 1139 gold pieces at shops.

Inventory:

Hand Weapons
 b - a +7 demon trident of electrocution (weapon)
 c - the +6 battleaxe "Riageir" {venom, rN+ MR+ Str+3}
   (You found it on level 4 of the Dungeon)

   It poisons the flesh of those it strikes.
   It affects your strength (+3).
   It protects you from negative energy.
   It affects your resistance to hostile enchantments.
 V - the +11 spear of Guesez {venom, rF+ rN+}
   (You took it off a minotaur in a Gauntlet)

   It poisons the flesh of those it strikes.
   It protects you from fire.
   It protects you from negative energy.
Armour
 f - the +0 pair of gloves of Bumot {Str+9 Int-3 Dex+3}
   (You acquired it on level 12 of the Dungeon)

   It affects your strength (+9).
   It affects your intelligence (-3).
   It affects your dexterity (+3).
   If you switch to wearing this armour, your AC will rise 2 points (2 -> 4)
 h - a +2 cloak (worn)
 m - a +0 shield (worn)
 q - +0 acid dragon scales (worn)
 y - a +2 plate armour of magic resistance
 D - the +0 hat "Nimecseq" (worn) {rElec Dex+3}
   (You acquired it on level 9 of the Dungeon)

   It affects your dexterity (+3).
   It insulates you from electricity.
   If you remove this armour, your AC will rise 0 points (2 -> 2)
 G - the +0 hat "Ruyheak" {rF+ MR- Dex+4 Stlth+}
   (You found it in a Gauntlet)

   It affects your dexterity (+4).
   It protects you from fire.
   It affects your resistance to hostile enchantments.
   It makes you more stealthy.
   If you switch to wearing this armour, your AC will rise 0 points (2 -> 2)
 S - a +0 plate armour of poison resistance
Jewellery
 d - a ring of protection from magic (right claw)
 g - a +2 ring of intelligence
 j - an amulet of regeneration (around neck)
 o - an uncursed amulet of harm
 s - a ring of resist corrosion (left claw)
 v - a +1 ring of evasion
Wands
 k - a wand of iceblast (6)
 z - a wand of disintegration (11)
 A - a wand of polymorph (22)
 F - a wand of paralysis (7)
 K - a wand of random effects (65)
 P - a wand of flame (37)
 U - a wand of acid (26)
Scrolls
 l - 9 scrolls of teleportation
 r - 3 scrolls of immolation
 t - a scroll of torment {unknown}
 u - 10 scrolls of fear
 w - 13 scrolls of remove curse
 H - a scroll of fog
 J - 3 scrolls of magic mapping
 L - a scroll of silence
 M - 8 scrolls of enchant armour
 Q - 3 scrolls of blinking
 W - a scroll of enchant weapon
 X - a scroll of amnesia
 Y - a scroll of identify
Potions
 e - a potion of berserk rage
 i - 3 potions of resistance
 n - 2 potions of agility
 p - 9 potions of curing
 x - a potion of cancellation
 B - a potion of mutation
 C - 4 potions of might
 E - 2 potions of lignification
 I - a potion of magic {unknown}
 N - 6 potions of ambrosia
 O - 5 potions of flight
 R - 2 potions of invisibility
 Z - 4 potions of haste
Books
 T - a manual of Stealth
Comestibles
 a - 9 rations


   Skills:
 - Level 12.0 Fighting
   Level 4.9 Long Blades
 - Level 17.6(18.2) Axes
 - Level 8.1(14.0) Polearms
 + Level 2.2 Throwing
 + Level 14.7 Armour
 + Level 5.0 Dodging
 * Level 12.6 Shields
 * Level 1.2 Unarmed Combat
 - Level 5.0 Invocations
 + Level 0.8 Evocations


You had 16 spell levels left.
You knew the following spells:

 Your Spells              Type           Power        Failure   Level  Hunger
a - Beastly Appendage     Tmut           #.....       43%         1    ##.....

Your spell library contained the following spells:

 Spells                   Type           Power        Failure   Level  Hunger
 Foxfire                  Conj/Fire      #...         43%         1    ##.....
 Freeze                   Ice            #...         43%         1    ##.....
 Shock                    Conj/Air       #...         43%         1    ##.....
 Ensorcelled Hibernation  Hex/Ice        #.....       56%         2    ###....
 Sticks to Snakes         Tmut           #.......     56%         2    ###....
 Sublimation of Blood     Necr           #.........   56%         2    ###....
 Swiftness                Chrm/Air       #.......     56%         2    ###....
 Confusing Touch          Hex            #.......     80%         3    ####...
 Conjure Flame            Conj/Fire      #.......     80%         3    ####...
 Frozen Ramparts          Ice            #.....       80%         3    ####...
 Gell's Gravitas          Tloc           #.........   80%         3    ####...
 Ignite Poison            Fire/Tmut/Pois #.......     80%         3    ####...
 Inner Flame              Hex/Fire       #.......     80%         3    ####...
 Ozocubu's Armour         Chrm/Ice       #.......     80%         3    ####...
 Spider Form              Tmut/Pois      #.........   80%         3    ####...
 Static Discharge         Conj/Air       #.......     80%         3    ####...
 Airstrike                Air            #.........   99%         4    #####..
 Cause Fear               Hex            #.........   99%         4    #####..
 Hailstorm                Conj/Ice       #.......     99%         4    #####..
 Ice Form                 Ice/Tmut       #.......     99%         4    #####..
 Leda's Liquefaction      Hex/Erth       #.........   99%         4    #####..
 Petrify                  Tmut/Erth      #.......     99%         4    #####..
 Sticky Flame             Conj/Fire      #.......     99%         4    #####..
 Summon Ice Beast         Ice/Summ       #.......     99%         4    #####..
 Alistair's Intoxication  Tmut/Pois      #.......     100%        5    ######.
 Blade Hands              Tmut           #.........   100%        5    ######.
 Bolt of Magma            Conj/Fire/Erth #.........   100%        5    ######.
 Fireball                 Conj/Fire      #.........   100%        5    ######.
 Irradiate                Conj/Tmut      #.........   100%        5    ######.
 Lightning Bolt           Conj/Air       #.........   100%        5    ######.
 Metabolic Englaciation   Hex/Ice        #.........   100%        5    ######.
 Silence                  Hex/Air        #.........   100%        5    ######.
 Yara's Violent Unravell  Hex/Tmut       #.........   100%        5    ######.
 Deflect Missiles         Chrm/Air       #.........   100%        6    #######
 Eringya's Noxious Bog    Tmut/Pois      #.........   100%        6    #######
 Freezing Cloud           Conj/Ice/Air   #.........   100%        6    #######
 Iron Shot                Conj/Erth      #.........   100%        6    #######
 Statue Form              Tmut/Erth      #........    100%        6    #######
 Discord                  Hex            #.........   100%        8    #######
 Shatter                  Erth           #.........   100%        9    #######


Dungeon Overview and Level Annotations

Branches:
Dungeon (15/15)            Temple (0/1) D:7            Lair (6/6) D:11
 Shoals (0/4) Lair:2       Spider (4/4) Lair:3        Slime (4/5) Lair:6
    Orc (2/2) D:12            Elf (0/3) Orc:2        Vaults (0/5) D:14
 Depths (0/5) D:15        Gauntlet (visited)

Altars:
Elyvilon
Fedhas
Gozag
Nemelex Xobeh
Ru
Sif Muna
Beogh

Shops:
D:14 ([   Orc:1 !   Orc:2 ::!!:

Portals:
Abyss: Spider:2

Annotations:
D:4 1 runed translucent door, anet's ghost, amateur DEWz
Lair:1 exclusion: oklob plant
Lair:4 3 runed translucent doors, Ojiguost's ghost, journeyman VSTm
Spider:2 2 transporters, Supaplex's ghost, journeyman GnWn


Innate Abilities, Weirdness & Mutations

You have claws for hands.
You are completely covered in thin metallic scales. (AC +4, rElec)
A weak demonic guardian rushes to your aid.
You are powered by pain.
Armour fits poorly on your strangely shaped body.
You are very frail. (-20% HP)
Your muscles are strong. (Str +2)
You are occasionally teleported next to monsters.
Potions are less effective at restoring your health.


Message History

The acid blob spits acid at you. The splash of acid hits you. You resist.
* * * LOW HITPOINT WARNING * * *
You are splashed with acid.
You resist.
* * * LOW HITPOINT WARNING * * *
Press: ? - help, Shift-Dir - straight line, f - acid blob
Aim: an acid blob (lightly wounded, chance to defeat MR: 0%)
The acid blob resists with almost no effort.
You feel quite a bit more hungry. The acid blob hits you!
* * * LOW HITPOINT WARNING * * *
You are splashed with acid.
You resist.
* * * LOW HITPOINT WARNING * * *
You are confused.
Your system partially rejects the healing.
You feel invigorated. The acid blob spits acid at you.
The splash of acid hits you. You resist.
* * * LOW HITPOINT WARNING * * *
You are splashed with acid.
You resist.
You die...

....# #........##.##.#
.#.# ##............ #.
..##.###.......#...#.#..
...................#....
.......................
.##.....#.........#..#
......#..............#
.................J..###
..#......##.....@...#.##
.......................#
.......................###
.........................#
..........................
..>....................#..
...............#.#........
...^...........####.....#.
..............#.## .....#


You could see an acid blob.

Vanquished Creatures
  Asterion (Spider:2)
  6 acid blobs
  4 azure jellies
  2 ghost moths
  2 orc warlords (Orc:1)
  An entropy weaver (Spider:4)
  3 emperor scorpions
  7 dire elephants
  3 spark wasps
  A minotaur (Gauntlet)
  2 death oozes (Slime:3)
  4 great orbs of eyes
  Harold (D:7)
  An ogre mage (D:15)
  An anaconda (Lair:6)
  4 centaur warriors
  12 two-headed ogres
  6 hydras
  3 tengu warriors (D:13)
  A queen ant (Gauntlet)
  9 death yaks
  Urug (D:11)
  2 thrashing horrors (Gauntlet)
  An orc high priest (Orc:2)
  A sun demon (Slime:3)
  3 deep elf knights
  Nergalle (D:11)
  A death drake (shapeshifter) (D:13)
  2 unseen horrors
  An orange crystal statue (D:14)
  8 skeletal warriors
  12 orc knights
  2 deep elf magi
  3 orc sorcerers (Orc:1)
  21 wolf spiders
  15 orb spiders
  A shining eye (Slime:2)
  4 cyclopes
  2 moths of wrath
  21 ugly things
  25 elephants
  A manticore (D:15)
  A black mamba (Lair:2)
  Maurice (D:9)
  3 eyes of devastation
  3 torpor snails
  2 gargoyles
  7 spiny frogs
  2 rime drakes
  11 komodo dragons
  8 demonic crawlers
  2 kobold demonologists
  3 ice devils
  An efreet (D:15)
  A merfolk (D:15)
  6 hornets
  8 trolls
  30 jumping spiders
  41 slime creatures
  27 blink frogs
  10 hippogriffs
  A meliai zombie (D:13)
  6 dream sheep (Lair:4)
  2 shadows
  26 tarantellas
  87 redbacks
  A water elemental (D:14)
  A spriggan (D:7)
  2 vampires (D:11)
  3 wraiths
  A centaur simulacrum (D:15)
  71 yaks
  A wyvern (Lair:4)
  A basilisk (D:11)
  A hungry ghost (D:11)
  8 vampire mosquitoes
  16 humans (D:14)
  7 wargs
  2 acid dragons
  16 water moccasins
  6 soldier ants (Gauntlet)
  50 orc warriors
  5 porcupines
  3 ice beasts
  2 black bears (D:10)
  4 eyes of draining
  4 sky beasts
  3 phantoms
  3 necrophages
  3 wolves (Lair:2)
  19 ogres
  12 centaurs
  17 crocodiles
  6 big kobolds
  14 bullfrogs
  2 gnoll sergeants (D:12)
  4 small abominations (Gauntlet)
  A water moccasin zombie (D:10)
  A wyvern skeleton (D:8)
  6 scorpions
  16 killer bees
  An electric eel (D:14)
  4 howler monkeys
  15 wights
  4 centaur zombies
  6 crimson imps
  A bullfrog zombie (D:6)
  5 jellies
  15 orc priests
  3 bullfrog skeletons
  4 hounds
  5 centaur skeletons
  6 iguanas
  13 worker ants
  30 orc wizards
  A mummy (D:11)
  A howler monkey zombie (D:6)
  8 gnolls
  8 adders
  2 shadow imps (D:7)
  5 white imps
  5 oozes
  2 worms
  6 dart slugs
  8 leopard geckos
  117 orcs
  5 bats
  3 giant cockroaches
  8 goblins
  7 hobgoblins
  3 jackals (D:10)
  17 kobolds
  5 quokkas
  7 ball pythons
  5 frilled lizards
  A leopard gecko skeleton (D:7)
  A quokka zombie (D:5)
  4 rats
  2 fungi
  8 plants
1154 creatures vanquished.

Vanquished Creatures (collateral kills)
  2 entropy weavers
  A yaktaur captain (D:14)
  2 hydras
  A centaur warrior (D:12)
  An ogre mage (D:15)
  A wolf spider (Spider:2)
  A wizard (D:12)
  An ugly thing (D:11)
  2 elephants
  A gargoyle (D:10)
  A komodo dragon (Lair:6)
  A troll (D:12)
  A polar bear (Lair:4)
  A tarantella (Spider:3)
  3 redbacks
  A wyvern (D:10)
  4 yaks
  An orc warrior (D:7)
  A black bear (D:10)
  A necrophage (D:12)
  A howler monkey (D:8)
  A hound (D:10)
  A shadow imp (D:10)
  5 orcs
  2 kobolds (D:10)
38 creatures vanquished.

Vanquished Creatures (others)
  An emperor scorpion (Spider:1)
  A redback (Spider:4)
  3 tarantellas
  A water moccasin (Lair:6)
  A black bear (D:3)
  A bush (Lair:6)
  20 fungi
  17 plants
45 creatures vanquished.

Grand Total: 1237 creatures vanquished

Notes
Turn   | Place    | Note
-------+----------+-------------------------------------------
     0 | Abyss:1  | BeastOfSaturn the Demonspawn Abyssal Knight began the quest
                  | for the Orb.
     0 | Abyss:1  | Reached XP level 1. HP: 18/18 MP: 2/2
     0 | D:1      | Escaped the Abyss
   142 | D:1      | Gained mutation: You sometimes gain a little power by
                  | taking damage. [demonic ancestry]
   142 | D:1      | Reached XP level 2. HP: 22/24 MP: 4/4
   273 | D:1      | Reached * piety under Lugonu
   444 | D:1      | Reached XP level 3. HP: 27/29 MP: 5/5
   746 | D:1      | Reached skill level 1 in Dodging
   948 | D:2      | Gained mutation: You are partially covered in thin metallic
                  | scales. (AC +2) [demonic ancestry]
   948 | D:2      | Reached XP level 4. HP: 29/37 MP: 6/6
  1151 | D:2      | Reached ** piety under Lugonu
  1759 | D:3      | Gained mutation: You are mostly covered in thin metallic
                  | scales. (AC +3) [demonic ancestry]
  1759 | D:3      | Reached XP level 5. HP: 32/42 MP: 7/7
  2368 | D:3      | Found an opulent altar of Gozag.
  3195 | D:3      | Reached *** piety under Lugonu
  3220 | D:3      | Reached XP level 6. HP: 47/48 MP: 8/8
  3564 | D:3      | HP: 1/48 [black bear (2)]
  4112 | D:4      | Gained mutation: You sometimes gain power by taking damage.
                  | [demonic ancestry]
  4112 | D:4      | Reached XP level 7. HP: 22/53 MP: 9/9
  4350 | D:4      | Found a runed translucent door.
  4353 | D:4      | Noticed anet's ghost (amateur DEWz)
  4476 | D:4      | Got a smoking battleaxe
  4477 | D:4      | Identified the +6 battleaxe "Riageir" {venom, rN+ MR+
                  | Str+3} (You found it on level 4 of the Dungeon)
  4932 | D:5      | Entered Level 5 of the Dungeon
  4959 | D:5      | Reached skill level 1 in Axes
  5056 | D:5      | Reached skill level 2 in Axes
  5340 | D:5      | Reached skill level 3 in Axes
  5382 | D:5      | Reached XP level 8. HP: 41/60 MP: 10/10
  5599 | D:5      | Reached skill level 4 in Axes
  6043 | D:6      | Reached skill level 5 in Axes
  6162 | D:6      | Reached skill level 5 in Armour
  6204 | D:6      | Reached **** piety under Lugonu
  6455 | D:6      | Reached skill level 6 in Axes
  6519 | D:6      | Found a white marble altar of Elyvilon.
  6757 | D:7      | Found a staircase to the Ecumenical Temple.
  6830 | D:7      | Noticed a troll
  6850 | D:7      | Killed a troll
  6850 | D:7      | Gained mutation: A weak demonic guardian rushes to your
                  | aid. [demonic ancestry]
  6850 | D:7      | Reached XP level 9. HP: 56/64 MP: 11/11
  6924 | D:7      | Reached skill level 7 in Axes
  7600 | D:8      | Reached skill level 1 in Throwing
  7622 | D:8      | Reached skill level 5 in Fighting
  7624 | D:8      | Reached skill level 8 in Axes
  7632 | D:8      | Found a shimmering blue altar of Sif Muna.
  7954 | D:8      | Noticed Harold
  7973 | D:7      | Killed Harold
  7973 | D:7      | Reached skill level 9 in Axes
  7973 | D:7      | Reached XP level 10. HP: 25/74 MP: 12/12
  8795 | D:9      | Identified a scroll of acquirement
  8795 | D:9      | Identified the ring of Gaipt {MP+9 Dex+3} (You acquired it
                  | on level 9 of the Dungeon)
  8795 | D:9      | Identified the +0 hat "Nimecseq" {rElec Dex+3} (You
                  | acquired it on level 9 of the Dungeon)
  8987 | D:9      | Found a shimmering blue altar of Sif Muna.
  9138 | D:9      | Reached skill level 10 in Axes
  9200 | D:9      | Noticed Maurice
  9205 | D:9      | Killed Maurice
  9219 | D:9      | Found a sparkling altar of Nemelex Xobeh.
  9472 | D:10     | Entered Level 10 of the Dungeon
  9475 | D:10     | Identified the Catalogue of the Glacier
  9833 | D:10     | Noticed a gargoyle
  9841 | D:10     | Killed a gargoyle
  9993 | D:10     | Reached skill level 11 in Axes
 10626 | D:10     | Reached ***** piety under Lugonu
 10863 | D:10     | Reached XP level 11. HP: 81/81 MP: 13/13
 11661 | D:11     | Reached skill level 12 in Axes
 11830 | D:11     | Found the +12 Vampire's Tooth {vamp}
 11914 | D:11     | Noticed a green ugly thing
 11922 | D:11     | Killed a green ugly thing
 11923 | D:11     | Found a staircase to the Lair.
 11931 | D:11     | Noticed Nergalle
 12308 | D:11     | Noticed a seven-headed hydra
 12400 | D:10     | Killed a seven-headed hydra
 12870 | D:11     | Killed Nergalle
 13322 | D:11     | Reached skill level 13 in Axes
 13345 | D:11     | Gained mutation: You are powered by pain. [demonic
                  | ancestry]
 13345 | D:11     | Reached XP level 12. HP: 51/89 MP: 14/14
 13750 | D:11     | Noticed Urug
 13755 | D:11     | Killed Urug
 14151 | Lair:1   | Entered Level 1 of the Lair of Beasts
 15264 | Lair:2   | Found a staircase to the Shoals.
 16399 | Lair:2   | Reached skill level 14 in Axes
 17541 | Lair:3   | Found a hole to the Spider Nest.
 17735 | Lair:3   | Noticed a six-headed hydra
 17745 | Lair:3   | Killed a seven-headed hydra
 18445 | Lair:3   | Reached skill level 10 in Armour
 18596 | Lair:4   | Noticed a four-headed hydra
 18605 | Lair:4   | Killed a four-headed hydra
 18846 | Lair:4   | Gained mutation: You have sharp fingernails. [demonic
                  | ancestry]
 18846 | Lair:4   | Reached XP level 13. HP: 73/98 MP: 16/16
 18853 | Lair:4   | Reached ****** piety under Lugonu
 19254 | Lair:4   | Found a runed translucent gate.
 19259 | Lair:4   | Found a runed translucent gate.
 19259 | Lair:4   | Found a runed translucent gate.
 19259 | Lair:4   | Noticed Ojiguost's ghost (journeyman VSTm)
 19271 | Lair:4   | Noticed a minotaur
 20723 | Lair:5   | Reached skill level 15 in Axes
 21925 | Lair:6   | Entered Level 6 of the Lair of Beasts
 22860 | Lair:5   | Reached skill level 16 in Axes
 23086 | Lair:5   | Reached skill level 1 in Polearms
 23142 | Lair:6   | Reached XP level 14. HP: 74/106 MP: 17/17
 24207 | Lair:6   | Found a staircase to the Slime Pits.
 27082 | Lair:5   | Upgraded the game from 0.25-a0-474-ga8a2ee3166 to
                  | 0.25-a0-479-g8579842fd4
 27127 | Spider:1 | Entered Level 1 of the Spider Nest
 27385 | Spider:1 | Noticed an entropy weaver
 27409 | Spider:1 | Killed an entropy weaver
 27409 | Spider:1 | Reached skill level 17 in Axes
 27783 | Spider:1 | Noticed an emperor scorpion
 27811 | Spider:1 | Killed an emperor scorpion
 28690 | Spider:2 | Noticed an emperor scorpion
 28990 | Spider:1 | HP: 8/163 [poisoned by an emperor scorpion]
 28992 | Spider:1 | HP: 3/163 [poisoned by an emperor scorpion]
 28994 | Spider:1 | Banished an emperor scorpion
 29275 | Spider:1 | Reached XP level 15. HP: 29/115 MP: 18/18
 29748 | D:12     | Identified the +0 pair of gloves of Bumot {Str+9 Int-3
                  | Dex+3} (You acquired it on level 12 of the Dungeon)
 29748 | D:12     | Identified the ring of Uczerenn {rElec rF- MR- Str+3 Dex+8}
                  | (You acquired it on level 12 of the Dungeon)
 29826 | D:12     | Reached skill level 10 in Fighting
 29852 | D:12     | Found a staircase to the Orcish Mines.
 31165 | D:13     | Found a blossoming altar of Fedhas.
 31292 | D:13     | Reached skill level 1 in Shields
 32416 | D:14     | Found a gate leading to a gauntlet.
 32441 | D:14     | Reached skill level 5 in Polearms
 32449 | Gauntlet | Entered a Gauntlet
 32449 | Gauntlet | Found a transporter.
 32449 | Gauntlet | Found a transporter.
 32449 | Gauntlet | Found a transporter.
 32451 | Gauntlet | Found a transporter.
 32452 | Gauntlet | Found a transporter.
 32455 | Gauntlet | Found a transporter.
 32501 | Gauntlet | Found a transporter.
 32502 | Gauntlet | Found a transporter.
 32504 | Gauntlet | Found a transporter.
 32506 | Gauntlet | Found a transporter.
 32515 | Gauntlet | Found a transporter.
 32515 | Gauntlet | Found a transporter.
 32755 | Gauntlet | Got a bloodstained longbow
 32823 | Gauntlet | Got an encrusted hat
 32839 | Gauntlet | Identified the cursed +0 hat "Ruyheak" {rF+ MR- Dex+4
                  | Stlth+} (You found it in a Gauntlet)
 32901 | Gauntlet | Identified the +11 spear of Guesez {venom, rF+ rN+}
 33103 | D:14     | Found Dih Ikka's Antique Weapon Shop.
 33355 | D:14     | Found Zoebuotwes's Armour Shop.
 34085 | D:14     | Found a gate to the Vaults.
 34767 | D:15     | Entered Level 15 of the Dungeon
 34814 | D:14     | Gained mutation: You have very sharp fingernails. [demonic
                  | ancestry]
 34814 | D:14     | Reached XP level 16. HP: 93/123 MP: 19/19
 36486 | D:14     | Bought a +2 plate armour of magic resistance for 600 gold
                  | pieces
 36587 | D:15     | Found a staircase to the Depths.
 36931 | Orc:1    | Entered Level 1 of the Orcish Mines
 36962 | Orc:1    | Reached skill level 5 in Shields
 37533 | Orc:2    | Entered Level 2 of the Orcish Mines
 37825 | Orc:2    | Found Qiba's Book Shoppe.
 37825 | Orc:2    | Found Gecwoid's Distillery.
 37835 | Orc:2    | Bought 2 potions of haste for 200 gold pieces
 37835 | Orc:2    | Bought a potion of curing for 30 gold pieces
 37835 | Orc:2    | Bought a potion of curing for 30 gold pieces
 37855 | Orc:2    | Found a roughly hewn altar of Beogh.
 37904 | Orc:2    | Found Woiteg's Book Shop.
 37937 | Orc:2    | Found Maaske's Distillery.
 37963 | Orc:2    | Bought a potion of heal wounds for 75 gold pieces
 37963 | Orc:2    | Bought a potion of lignification for 45 gold pieces
 37963 | Orc:2    | Bought a potion of ambrosia for 120 gold pieces
 37977 | Orc:2    | Found a staircase to the Elven Halls.
 38304 | Orc:2    | Found Sontistre's Book Emporium.
 38918 | Orc:1    | Found Veugotum's Distillery.
 38927 | Orc:1    | Bought a potion of lignification for 39 gold pieces
 39556 | Slime:1  | Entered Level 1 of the Pits of Slime
 39650 | Slime:1  | Reached skill level 5 in Invocations
 39788 | Slime:2  | Noticed an acid blob
 39806 | Slime:2  | HP: 4/127 [acid (9)]
 40545 | Spider:2 | Found a transporter.
 40801 | Spider:2 | Noticed a tentacled starspawn
 40803 | Spider:2 | Noticed an Executioner
 40808 | Spider:2 | Found a transporter.
 40808 | Spider:2 | Noticed Supaplex's ghost (journeyman GnWn)
 40831 | Spider:2 | Found a one-way gate to the infinite horrors of the Abyss.
 42235 | D:15     | Gained mutation: You are completely covered in thin
                  | metallic scales. (AC +4, rElec) [demonic ancestry]
 42235 | D:15     | Reached XP level 17. HP: 133/133 MP: 20/20
 42344 | D:15     | Found a sacrificial altar of Ru.
 43142 | Spider:3 | Noticed Asterion
 44272 | Spider:2 | Killed Asterion
 44751 | Spider:4 | Entered Level 4 of the Spider Nest
 45025 | Spider:4 | Reached skill level 10 in Shields
 46347 | Spider:4 | Got a gossamer rune of Zot
 46403 | Spider:4 | Gained mutation: Your magical capacity is low. (-10% MP)
                  | [potion of mutation]
 46403 | Spider:4 | Gained mutation: You have a pair of small antennae on your
                  | head. [potion of mutation]
 46406 | Spider:4 | Lost mutation: Your magical capacity is low. (-10% MP)
                  | [potion of mutation]
 46406 | Spider:4 | Lost mutation: You have a pair of small antennae on your
                  | head. [potion of mutation]
 46406 | Spider:4 | Gained mutation: Your mind is acute. (Int +2) [potion of
                  | mutation]
 46406 | Spider:4 | Gained mutation: Your muscles are strong. (Str +2) [potion
                  | of mutation]
 47684 | Slime:2  | Killed an acid blob
 47961 | Slime:1  | Noticed an acid blob
 47970 | Slime:1  | Killed an acid blob
 48301 | Slime:3  | Noticed an acid blob
 48318 | Slime:3  | Killed an acid blob
 48516 | Slime:3  | Noticed an acid blob
 48523 | Slime:3  | Noticed an acid blob
 48544 | Slime:2  | Killed an acid blob
 48797 | Slime:3  | Killed an acid blob
 48797 | Slime:3  | Gained mutation: You have claws for hands. [demonic
                  | ancestry]
 48797 | Slime:3  | Reached XP level 18. HP: 113/140 MP: 18/21
 48814 | Slime:3  | Learned a level 1 spell: Beastly Appendage
 49393 | Slime:3  | You fall into a shaft and drop 1 floor!
 49623 | Slime:4  | Reached skill level 5 in Dodging
 49623 | Slime:4  | Reached skill level 1 in Unarmed Combat
 49659 | Slime:4  | Gained mutation: You are frail. (-10% HP) [a shining eye]
 49660 | Slime:4  | Gained mutation: You are very frail. (-20% HP) [a shining
                  | eye]
 49660 | Slime:4  | Gained mutation: Armour fits poorly on your strangely
                  | shaped body. [a shining eye]
 49763 | Slime:4  | Lost mutation: Your mind is acute. (Int +2) [a shining eye]
 49766 | Slime:4  | Gained mutation: You are occasionally teleported next to
                  | monsters. [a shining eye]
 49768 | Slime:4  | Gained mutation: Potions are less effective at restoring
                  | your health. [a shining eye]
 49778 | Slime:3  | HP: 5/111 [acid (2)]
 49779 | Slime:3  | Splashed by an acid blob's acid

Levels and vault maps discovered:
D:1:      lemuel_arrival_muddy, layout_basic, amethyst_killhole,
          minmay_misc_feat_enclosed, minmay_tromino_v7
D:2:      layout_rooms, minmay_splitting_lines, grunt_decor_one_mirror
D:3:      layout_basic, lemuel_round_altar, ebering_dispersal_statue_hall,
          grunt_ministairs_13
D:4:      layout_basic, serial_curves, eino_curves_02, eino_curves_02,
          first_ration, gammafunk_ghost_grave
D:5:      layout_rooms, guppyfry_early_orc_mine
D:6:      layout_basic, elyvilon_altar_3
D:7:      layout_rooms, minmay_temple_entry_junction_2, minmay_misc_feat_chi,
          the_bakery
D:8:      layout_cave_pools, basic_altar, uniq_harold
D:9:      layout_roguey, basic_altar, nemelex_dance_club_becter, uniq_maurice
D:10:     layout_irregular_city, chequers_jeans, minmay_increasing_density
D:11:     layout_basic, minmay_lair_entry_grove, serial_undead, serial_undead_b,
          serial_undead_e, serial_undead_c, serial_undead_d,
          minmay_guarded_unrand_vampires_tooth, uniq_nergalle, uniq_urug
D:12:     layout_cave_pools, kennysheep_orc_monster_closet_entryway,
          sword_in_stone
D:13:     minmay_the_grid_triangle_9x9_rhombus_thin
          [minmay_the_grid_triangle_9x9_zippers_horizontal,
          minmay_the_grid_triangle_9x9_prize_schism,
          minmay_the_grid_triangle_9x9_shrine,
          minmay_the_grid_triangle_9x9_sprig], layout_stronghold,
          grunt_ministairs_11
D:14:     kennysheep_scales, layout_layer_cave, david_vaults_3,
          gauntlet_entry_generic, serial_shops, nicolae_shop_trees, shop,
          infiniplex_staircase_pillars_3a, minivault_16
D:15:     hangedman_depths_entry_try_elsewhere_first, layout_cave_pools,
          minivault_25, serial_glass, glass_columns_a, glass_columns_c,
          nicolae_ru_awakened_eye
Lair:1:   layout_concentric_octagons, st_stairs_4, minmay_lair_oklob_chamber,
          serial_bayou_shore_b, grunt_megastairs_5, serial_bayou_shore_a
Lair:2:   layout_gridlike, shoals_dummy_entry, portal_ice_cave_demonic_guard
Lair:3:   layout_regular_city, spider_nest_entry_webs, st_stairs_8
Lair:4:   layout_gridlike, maelrawn_ghost_gauntlet_escape,
          bobbens_ice_dragon_lair
Lair:5:   layout_cave_pods, serial_bayou_shore_b, grunt_megastairs_2,
          infiniplex_staircase_pool_2
Lair:6:   due_jungle_book, layout_hall_layers, minmay_slime_entry_eyes,
          grunt_megastairs_3
Spider:1: layout_spider_delve
Spider:2: layout_spider_delve, gammafunk_ghost_abyssal_escape,
          spiders_nest_hornet_nest
Spider:3: layout_spider_delve, uniq_asterion
Spider:4: grunt_spider_rune_parallel, nicolae_spider_cling_ruins
Slime:1:  layout_caves
Slime:2:  layout_caves, cheibrodos_slime_lost_civilization_5
Slime:3:  layout_caves
Slime:4:  layout_caves, uniq_dissolution
Orc:1:    cheibrodos_orc_arena, layout_caves, serial_shops, shop
Orc:2:    st_orc_town, layout_caves, special_room, serial_shops,
          nicolae_shop_statue_plus

Skill      XL: |  1  2  3  4  5  6  7  8  9 10 11 12 13 14 15 16 17 18 |
---------------+-------------------------------------------------------+-----
Armour         | 2 3 4 5 6 8 10 11 12 13 14 | 14.7
Long Blades    | 2 3 4 |  4.9
Dodging        | 1 2 3 4 5 |  5.0
Invocations    | 3 4 5 |  5.0
Fighting       | 4 5 6 7 8 9 10 12 | 12.0
Axes           | 3 6 9 11 13 14 16 17 | 17.6
Throwing       | 1 2 |  2.2
Polearms       | 1 8 |  8.1
Shields        | 2 8 12 | 12.6
Unarmed Combat | 1 |  1.2
Evocations     | |  0.8

Action                   |  1- 3 |  4- 6 |  7- 9 | 10-12 | 13-15 | 16-18 || total
-------------------------+-------+-------+-------+-------+-------+-------++-------
Melee: Falchion          |    77 |   287 |    10 |       |       |       ||   374
       Battleaxe         |       |       |   168 |   621 |   788 |    21 ||  1598
       Demon trident     |       |       |       |    14 |   486 |  1570 ||  2070
       Unarmed           |       |       |       |       |       |     5 ||     5
Throw: Dart              |     2 |    12 |     8 |    21 |       |       ||    43
       Javelin           |       |       |       |     5 |     2 |     1 ||     8
Invok: Depart the Abyss  |     1 |       |       |       |       |       ||     1
       Banish            |       |     1 |       |       |     1 |     1 ||     3
       Bend Space        |       |       |     1 |     2 |     5 |     2 ||    10
Evoke: Wand              |       |       |       |     9 |       |       ||     9
  Use: Scroll            |     2 |     2 |     2 |    17 |    14 |     5 ||    42
       Potion            |       |       |     1 |     5 |     3 |    10 ||    19
 Stab: Distracted        |       |       |       |     6 |    14 |    11 ||    31
  Eat: Chunk             |       |     4 |     2 |    39 |    13 |       ||    58
       Ration            |       |     2 |     4 |     2 |    11 |    13 ||    32
Armor: Ring mail         |    29 |   160 |    74 |       |       |       ||   263
       Plate armour      |       |       |    50 |   472 |   895 |   649 ||  2066
       Skin              |       |       |       |       |     6 |       ||     6
       Acid dragon scale |       |       |       |       |       |    58 ||    58
Dodge: Dodged            |    44 |   193 |   116 |   309 |   527 |   525 ||  1714
Block: Shield            |       |       |       |       |   138 |   757 ||   895
       Rpst.: Falchion   |    19 |    48 |     2 |       |       |       ||    69

Table legend:
 A = Non-vault XP
 B = Vault XP
 C = Vault XP percentage of total XP
 D = Non-vault monster count
 E = Vault monster count
 F = Vault count percentage of total count
                 A         B        C        D         E       F
            +---------+---------+-------+---------+---------+-------
      Total |  224908 |   79957 |  26.2 |     899 |     284 |  24.0
            +---------+---------+-------+---------+---------+-------
        D:1 |      62 |       3 |   4.6 |      21 |       2 |   8.7
        D:2 |     105 |       0 |   0.0 |      22 |       0 |   0.0
        D:3 |     331 |       3 |   0.9 |      35 |       2 |   5.4
        D:4 |     415 |       0 |   0.0 |      18 |       0 |   0.0
        D:5 |     492 |     229 |  31.8 |      13 |       7 |  35.0
        D:6 |     914 |       0 |   0.0 |      18 |       0 |   0.0
        D:7 |    1230 |    1178 |  48.9 |      20 |       2 |   9.1
        D:8 |     994 |       0 |   0.0 |      20 |       0 |   0.0
        D:9 |    1014 |     552 |  35.2 |      17 |       3 |  15.0
       D:10 |    3425 |     881 |  20.5 |      40 |       6 |  13.0
       D:11 |    6881 |    5189 |  43.0 |      45 |      27 |  37.5
       D:12 |    7790 |    4252 |  35.3 |      30 |      24 |  44.4
       D:13 |    7188 |    7152 |  49.9 |      23 |      17 |  42.5
       D:14 |   22580 |    8266 |  26.8 |      54 |      26 |  32.5
       D:15 |   11786 |    2429 |  17.1 |      31 |       4 |  11.4
     Lair:1 |    3047 |     331 |   9.8 |      15 |       2 |  11.8
     Lair:2 |    2776 |     734 |  20.9 |      14 |       2 |  12.5
     Lair:3 |    3642 |     734 |  16.8 |      18 |       3 |  14.3
     Lair:4 |    9558 |     343 |   3.5 |      28 |       4 |  12.5
     Lair:5 |    9669 |     511 |   5.0 |      29 |       3 |   9.4
     Lair:6 |   27676 |    3443 |  11.1 |      67 |       7 |   9.5
   Spider:1 |   18815 |       0 |   0.0 |      55 |       0 |   0.0
   Spider:2 |   16313 |    2692 |  14.2 |      48 |       1 |   2.0
   Spider:3 |    7976 |    3780 |  32.2 |      24 |       8 |  25.0
   Spider:4 |   10370 |   18801 |  64.5 |      33 |      44 |  57.1
    Slime:1 |    7312 |       0 |   0.0 |      18 |       0 |   0.0
    Slime:2 |   11334 |       0 |   0.0 |      18 |       0 |   0.0
    Slime:3 |   18635 |       0 |   0.0 |      19 |       0 |   0.0
    Slime:4 |    3122 |       0 |   0.0 |       5 |       0 |   0.0
      Orc:1 |    4665 |    4195 |  47.3 |      50 |      15 |  23.1
      Orc:2 |    4791 |    8720 |  64.5 |      51 |      58 |  53.2
   Gauntlet |       0 |    5539 | 100.0 |       0 |      17 | 100.0
            +---------+---------+-------+---------+---------+-------
